 Dungeon Crawl Stone Soup version 0.28.0 (webtiles) character file.

Game seed: 10614549635584471467

532 Ablot the Grasshopper (level 7, -3/56 HPs)
             Began as a Gnoll Warper on Feb 17, 2022.
             Was an Initiate of Cheibriados.
             Slain by Prince Ribbit (11 damage)
             ... on level 5 of the Dungeon.
             The game lasted 00:10:50 (5742 turns).

Ablot the Grasshopper (Gnoll Warper)                Turns: 5742, Time: 00:10:51

Health: -3/56      AC:  6    Str: 17    XL:     7   Next: 24%
Magic:  13/15      EV: 13    Int: 18    God:    Cheibriados [......]
Gold:   279        SH:  0    Dex: 14    Spells: 15/17 levels left

rFire   . . .      SeeInvis .   x - +3 long sword of Riseahy {vorpal, Str+5}
rCold   . . .      Faith    .   (no shield)
rNeg    + . .      Spirit   .   b - +0 leather armour
rPois   +          Reflect  .   (no helmet)
rElec   .          Harm     .   p - +2 ratskin cloak {*Rats rPois rN+ Str-1 Int-1 Dex+1}
rCorr   +          Rampage  .   (no gloves)
Will    .....                   (no boots)
Stlth   ++........              (no amulet)
HPRegen 0.18/turn               v - +6 ring of intelligence
MPRegen 0.14/turn               y - ring of resist corrosion

@: on blink cooldown, very slow
A: fangs 1, strong nose, distributed training
a: Renounce Religion


You were on level 5 of the Dungeon.
You worshipped Cheibriados.
Cheibriados was noncommittal.
You visited 2 branches of the dungeon, and saw 6 of its levels.

You collected 279 gold pieces.

Inventory:

Hand Weapons
 a - a +0 spear
 x - the +3 long sword of Riseahy (weapon) {vorpal, Str+5}
   (You found it on level 5 of the Dungeon)

   It inflicts extra damage upon your enemies.
   Str:       It affects your strength (+5).
Missiles
 d - 5 boomerangs of dispersal
 e - 109 arrows
 f - 234 stones
 i - 3 poisoned darts (quivered)
 q - 25 sling bullets
 r - 16 bolts
Armour
 b - a +0 leather armour (worn)
 p - the +2 ratskin cloak (worn) {*Rats rPois rN+ Str-1 Int-1 Dex+1}
   (You found it on level 2 of the Dungeon)

   When the wearer is hurt, rats may emerge from it to assist them.
   Str:       It affects your strength (-1).
   Int:       It affects your intelligence (-1).
   Dex:       It affects your dexterity (+1).
   rPois:     It protects you from poison.
   rN:        It protects you from negative energy.
Jewellery
 v - a +6 ring of intelligence (left hand)
 y - a ring of resist corrosion (right hand)
Wands
 w - a wand of mindburst (16)
Scrolls
 c - a scroll of blinking
 g - a scroll of summoning {unknown}
 j - a scroll of teleportation {unknown}
 k - 4 scrolls of identify {unknown}
 n - a scroll of enchant weapon {unknown}
 o - 2 scrolls of silence {unknown}
 s - 2 scrolls of amnesia {unknown}
Potions
 h - 3 potions of curing {unknown}
 l - a potion of resistance {unknown}
 m - a potion of berserk rage {unknown}
 t - 2 potions of attraction {unknown}
 u - a potion of heal wounds {unknown}
 z - a potion of might {unknown}
 A - a potion of ambrosia {unknown}
 B - a potion of flight {unknown}


   Skills:
 + Level 5.2 Fighting
 + Level 2.3 Short Blades
 + Level 2.3 Long Blades
 + Level 2.3 Axes
 + Level 2.3 Maces & Flails
 + Level 5.2 Polearms
 + Level 2.3 Staves
 + Level 2.3 Slings
 + Level 2.3 Bows
 + Level 2.3 Crossbows
 + Level 3.5 Throwing
 + Level 3.5 Armour
 + Level 5.2 Dodging
 + Level 2.3 Stealth
 + Level 2.3 Shields
 + Level 2.3 Unarmed Combat
 + Level 5.5 Spellcasting
 + Level 1.9 Conjurations
 + Level 1.9 Hexes
 + Level 1.9 Summonings
 + Level 1.9 Necromancy
 + Level 5.8 Translocations
 + Level 1.9 Transmutations
 + Level 1.9 Fire Magic
 + Level 1.9 Ice Magic
 + Level 1.9 Air Magic
 + Level 1.9 Earth Magic
 + Level 1.9 Poison Magic
 + Level 2.6 Invocations
 + Level 2.3 Evocations


You had 15 spell levels left.
You knew the following spells:

 Your Spells              Type           Power      Damage    Failure   Level
a - Blink                 Tloc           50%        N/A       1%          2

Your spell library contained the following spells:

 Spells                   Type           Power      Damage    Failure   Level
 Gell's Gravitas          Tloc           25%        N/A       4%          3
 Lesser Beckoning         Tloc           25%        N/A       4%          3
 Teleport Other           Tloc           25%        N/A       4%          3
 Manifold Assault         Tloc           25%        N/A       36%         5


Dungeon Overview and Level Annotations

Branches:
Dungeon (5/15)             Temple (1/1) D:5

Altars:
Cheibriados
Elyvilon
Gozag
Kikubaaqudgha
Makhleb
Qazlal
Sif Muna
Uskayaw
Vehumet
Zin
Lugonu

Annotations:
D:4 exclusion: downstairs
D:5 exclusion: 3 killer bees, Pikel, Prince Ribbit


Innate Abilities, Weirdness & Mutations

You have very sharp teeth.
Your uncanny sense of smell can sniff out nearby items.
Your experience applies equally to all skills.


Message History

Cheibriados appreciates the change of pace.
Unknown command.
You start resting.
Your river rat returns to the shadows of the Dungeon!
Pikel is nearby!
Pikel is nearby!
Found a falchion.
You see here a +0 falchion.
You start resting.
Something stings your hell rat!
Your hell rat is poisoned.
Something poisons your hell rat! Something closely misses your hell rat.
Unknown command.
Something stings your hell rat but does no damage. x2
Prince Ribbit comes into view.
Your hell rat closely misses the killer bee.
Prince Ribbit lets out a mournful croak.
Prince Ribbit moves out of view.
The killer bee stings your hell rat!
Your hell rat dies!
You hit the killer bee.
The killer bee is heavily wounded.
The killer bee closely misses you. The killer bee stings you.
* * * LOW HITPOINT WARNING * * *
Unknown command.
Prince Ribbit blinks!
The killer bee stings you.
* * * LOW HITPOINT WARNING * * *
A river rat scurries out from under your cloak.
Prince Ribbit misses you.
Unknown command.
Casting: Blink (safe; 1% risk of failure)
Confirm with . or Enter, or press ? or * to list all spells.
You blink.
The killer bee buzzes angrily.
You hear a shout!
Prince Ribbit catches a small bird with his tongue.
Prince Ribbit blinks!
Prince Ribbit hops awkwardly around.
Your river rat misses the killer bee.
The killer bee closely misses you. Prince Ribbit hits you!
You die...

>.........##.........#..#.#
...##.....##.........†....#
##.###....##..####.....§#.#
#.........##..#......##.#
##..####..##..#._....#).#
#..####......#.y...r#..#
#....##..........y..§..#
###.#.##.........y#..#.##
....#.##........@.#..#.#
.................F.....#
###.##.................#
#........##.#<.......##
#..##....##...#..##.##
#..######........##.# ..
##.#....# # .# #.#.....
#.#.####


You could see Prince Ribbit, 3 killer bees and a friendly river rat.

Vanquished Creatures
  A necrophage (D:2)
  2 howler monkeys (D:4)
  A hound (D:5)
  A jelly (D:3)
  An iguana (D:5)
  2 hound zombies (D:5)
  A howler monkey zombie (D:4)
  4 gnolls (D:4)
  An adder (D:2)
  2 dart slugs (D:1)
  4 orcs
  6 endoplasms
  3 giant cockroaches
  4 goblins
  6 hobgoblins
  2 jackals (D:4)
  4 quokkas
  11 ball pythons
  3 bats (D:1)
  2 frilled lizards (D:2)
  9 kobolds
  4 rats
74 creatures vanquished.

Vanquished Creatures (collateral kills)
  An ogre (D:5)
  A lemure (D:5)
  An iguana (D:4)
  An adder (D:4)
  A worm (D:4)
  A quokka (D:4)
6 creatures vanquished.

Grand Total: 80 creatures vanquished

Notes
Turn   | Place    | Note
-------+----------+-------------------------------------------
     0 | D:1      | Ablot the Gnoll Warper began the quest for the Orb.
     0 | D:1      | Reached XP level 1. HP: 20/20 MP: 6/6
   122 | D:1      | Reached XP level 2. HP: 24/26 MP: 7/7
   125 | D:1      | Learned a level 2 spell: Blink
   535 | D:1      | Reached XP level 3. HP: 24/31 MP: 9/9
   847 | D:1      | Reached skill level 5 in Spellcasting
   937 | D:1      | Found a faded altar of an unknown god.
  1405 | D:2      | Reached skill level 1 in Invocations
  1633 | D:2      | Noticed a necrophage
  1952 | D:2      | Reached skill level 1 in Short Blades
  1952 | D:2      | Reached skill level 1 in Long Blades
  1952 | D:2      | Reached skill level 1 in Axes
  1952 | D:2      | Reached skill level 1 in Maces & Flails
  1952 | D:2      | Reached skill level 1 in Staves
  1952 | D:2      | Reached skill level 1 in Slings
  1952 | D:2      | Reached skill level 1 in Bows
  1952 | D:2      | Reached skill level 1 in Crossbows
  1952 | D:2      | Reached skill level 1 in Stealth
  1952 | D:2      | Reached skill level 1 in Shields
  1952 | D:2      | Reached skill level 1 in Unarmed Combat
  1952 | D:2      | Reached skill level 1 in Evocations
  2035 | D:2      | Found the +2 ratskin cloak {*Rats rPois rN+ Str-1 Int-1
                  | Dex+1}
  2241 | D:3      | Reached XP level 4. HP: 36/38 MP: 11/11
  2666 | D:3      | Reached skill level 1 in Conjurations
  2666 | D:3      | Reached skill level 1 in Hexes
  2666 | D:3      | Reached skill level 1 in Summonings
  2666 | D:3      | Reached skill level 1 in Necromancy
  2666 | D:3      | Reached skill level 1 in Transmutations
  2666 | D:3      | Reached skill level 1 in Fire Magic
  2666 | D:3      | Reached skill level 1 in Ice Magic
  2666 | D:3      | Reached skill level 1 in Air Magic
  2666 | D:3      | Reached skill level 1 in Earth Magic
  2666 | D:3      | Reached skill level 1 in Poison Magic
  2719 | D:3      | Found an opulent altar of Gozag.
  2954 | D:4      | Reached XP level 5. HP: 34/43 MP: 12/12
  3310 | D:4      | Reached XP level 6. HP: 7/50 MP: 13/13
  4457 | D:5      | Entered Level 5 of the Dungeon
  4518 | D:5      | Reached skill level 5 in Fighting
  4518 | D:5      | Reached skill level 5 in Polearms
  4518 | D:5      | Reached skill level 5 in Dodging
  4879 | D:5      | Noticed Pikel
  4964 | D:5      | Found a staircase to the Ecumenical Temple.
  4975 | Temple   | Entered the Ecumenical Temple
  5012 | Temple   | Became a worshipper of Cheibriados the Contemplative
  5042 | D:5      | Identified the +3 long sword of Riseahy {vorpal, Str+5}
  5321 | D:2      | Killed a necrophage
  5322 | D:2      | Reached XP level 7. HP: 45/56 MP: 15/15
  5516 | D:5      | Found a glowing silver altar of Zin.
  5516 | D:5      | Noticed an angel
  5681 | D:5      | Found a stormy altar of Qazlal.
  5736 | D:5      | Noticed Prince Ribbit
  5742 | D:5      | Slain by Prince Ribbit

Illustrated notes

Levels and vault maps discovered:
D:1:      dpeg_arrival_simpleton_a, layout_rooms,
          shapermc_ecumenical_altar_totnotflames
D:2:      layout_loops_ring
D:3:      layout_basic, general_overflow_altar, kennysheep_crisscross,
          ebering_dispersal_statue_hall
D:4:      layout_cave_pods, st_stairs_3
D:5:      layout_basic, zin_angel, mainiacjoe_overflow_chevrons,
          minmay_temple_entry_sparse_star, nicolae_shop_gadgets,
          uniq_prince_ribbit1, uniq_pikel
Temple:   corrupted_temple

Skill      XL: |  1  2  3  4  5  6 |
---------------+-------------------+-----
Spellcasting   | 5 |  5.5
Invocations    | 1 2 |  2.6
Short Blades   | 1 2 |  2.3
Long Blades    | 1 2 |  2.3
Axes           | 1 2 |  2.3
Maces & Flails | 1 2 |  2.3
Staves         | 1 2 |  2.3
Slings         | 1 2 |  2.3
Bows           | 1 2 |  2.3
Crossbows      | 1 2 |  2.3
Stealth        | 1 2 |  2.3
Shields        | 1 2 |  2.3
Unarmed Combat | 1 2 |  2.3
Evocations     | 1 2 |  2.3
Conjurations   | 1 |  1.9
Hexes          | 1 |  1.9
Summonings     | 1 |  1.9
Necromancy     | 1 |  1.9
Transmutations | 1 |  1.9
Fire Magic     | 1 |  1.9
Ice Magic      | 1 |  1.9
Air Magic      | 1 |  1.9
Earth Magic    | 1 |  1.9
Poison Magic   | 1 |  1.9
Throwing       | 3 |  3.5
Armour         | 3 |  3.5
Fighting       | 5 |  5.2
Polearms       | 5 |  5.2
Dodging        | 5 |  5.2
Translocations | |  5.8

Action                   |  1- 3 |  4- 6 |  7- 9 || total
-------------------------+-------+-------+-------++-------
Melee: Spear             |   162 |   152 |       ||   314
       Bite              |    17 |    12 |       ||    29
       Punch             |     4 |     5 |       ||     9
       Long sword        |       |     4 |    16 ||    20
Throw: Dart              |       |     5 |       ||     5
 Cast: Blink             |     1 |     8 |     1 ||    10
 Stab: Sleeping          |     1 |       |       ||     1
Armor: Leather armour    |    31 |    42 |    13 ||    86
Dodge: Dodged            |    62 |   100 |    12 ||   174
